 Dungeon Crawl Stone Soup version 0.29.1-15-g9cfb28693d (webtiles) character file.

Game seed: 7513533367193862449

116 Gumption the Chopper (level 4, -2/41 HPs)
             Began as a Minotaur Berserker on Mar 27, 2023.
             Was a Believer of Trog.
             Killed by divine providence
             ... invoked by an orc priest
              (16 damage)
             ... on level 3 of the Dungeon.
             The game lasted 00:12:01 (2241 turns).

Gumption the Chopper (Minotaur Berserker)           Turns: 2241, Time: 00:12:01

Health: -2/41      AC:  5    Str: 24    XL:     4   Next: 70%
Magic:  3/3        EV: 15    Int:  4    God:    Trog [**....]
Gold:   127        SH:  0    Dex:  9    Spells: 3/3 levels left

rFire   . . .      SeeInvis .   a - +0 hand axe
rCold   . . .      Faith    .   (no shield)
rNeg    . . .      Spirit   .   m - +0 ring mail {rPois}
rPois   +          Reflect  .   (helmet restricted)
rElec   .          Harm     .   (no cloak)
rCorr   .          Rampage  .   (no gloves)
Will    +....                   (no boots)
Stlth   ..........              r - amulet of regeneration
HPRegen 0.93/turn               j - +4 ring of evasion
MPRegen 0.08/turn               d - ring of willpower

@: no status effects
A: horns 2, retaliatory headbutt
a: Renounce Religion, Berserk, Trog's Hand


You were on level 3 of the Dungeon.
You worshipped Trog.
Trog was pleased with you.
You visited 1 branch of the dungeon, and saw 3 of its levels.

You collected 127 gold pieces.

Inventory:

Hand Weapons
 a - a +0 hand axe (weapon)
 c - a +0 hand axe
 f - a +2 whip of holy wrath
Missiles
 q - 5 boomerangs (quivered)
Armour
 m - a +0 ring mail of poison resistance (worn)
Jewellery
 d - a ring of willpower (right hand)
 j - a +4 ring of evasion (left hand)
 r - an amulet of regeneration (around neck)
Wands
 s - a wand of mindburst (15)
Scrolls
 b - a scroll of blinking {unknown}
 e - 2 scrolls of magic mapping {unknown}
 i - a scroll of fog {unknown}
 o - 3 scrolls of amnesia {unknown}
Potions
 g - 2 potions of invisibility {unknown}
 h - 3 potions of heal wounds {unknown}
 k - 2 potions of curing {unknown}
 l - a potion of haste {unknown}
 n - a potion of degeneration {unknown}
 p - a potion of cancellation {unknown}
 t - a potion of mutation {unknown}


   Skills:
 + Level 4.5 Fighting
 * Level 5.3 Axes
 + Level 3.6 Armour
 - Level 2.1 Dodging


You had 3 spell levels left.
You didn't know any spells.
Your spell library was empty.

Dungeon Overview and Level Annotations

Branches:
Dungeon (3/15)

Altars:
Ashenzari
Fedhas
Kikubaaqudgha
Qazlal
Vehumet


Innate Abilities, Weirdness & Mutations

You have a pair of horns on your head.
You reflexively headbutt those who attack you in melee.


Message History

Your headbutt misses the orc. The orc misses you. You furiously retaliate!
You headbutt the orc. You barely miss the orc.
The orc is heavily wounded.
The orc closely misses you. You furiously retaliate!
You headbutt the orc!
You kill the orc!
Trog accepts your kill.
You completely miss the orc.
The orc priest invokes the aid of Beogh against you.
Beogh smites you! The orc barely misses you. You furiously retaliate!
You headbutt the orc. You hit the orc but do no damage.
The orc is severely wounded.
The orc barely misses you. You furiously retaliate!
You headbutt the orc!
You kill the orc!
Trog accepts your kill.
The orc priest calls down the wrath of Beogh upon you.
Beogh smites you!
Items here: )) ††.
You hit the orc priest.
The orc priest is moderately wounded.
The orc priest completely misses you.
You closely miss the orc priest.
The orc priest is moderately wounded.
The orc priest misses you. You furiously retaliate!
You headbutt the orc priest. You closely miss the orc priest.
The orc priest is moderately wounded.
The orc priest mumbles some strange prayers to Beogh against you.
Beogh smites you!
* * * LOW HITPOINT WARNING * * *
The orc priest completely misses you.
You closely miss the orc priest.
The orc priest is moderately wounded.
The orc priest closely misses you.
You closely miss the orc priest.
The orc priest is moderately wounded.
The orc priest calls down the wrath of Beogh upon you.
Beogh smites you!
You die...

#### ...#
##.############
..........<..>####
##.#........#.##..
#.#<###.#.##.##.#
...#.# #.#.##.##o#
####.# #.#.##.##o#
#.###.####.##@#
#.#........##.# #
#.....####.##.#.#
..#.............#
..#....##.....###
.........###
..$......
....###..#. ....
#..#.#


You could see an orc priest and an orc.

Vanquished Creatures
  An orc priest (D:2)
  3 adders
  2 worms (D:2)
  3 dart slugs
  2 orcs (D:3)
  2 endoplasms
  3 giant cockroaches
  5 goblins
  6 hobgoblins
  4 jackals
  3 quokkas
  A bat (D:2)
  3 frilled lizards
  3 kobolds (D:2)
  4 rats (D:2)
45 creatures vanquished.

Vanquished Creatures (others)
  2 fungi (D:3)
  4 plants (D:3)
6 creatures vanquished.

Grand Total: 51 creatures vanquished

Notes
Turn   | Place    | Note
-------+----------+-------------------------------------------
     0 | D:1      | Gumption the Minotaur Berserker began the quest for the
                  | Orb.
     0 | D:1      | Reached XP level 1. HP: 19/19 MP: 0/0
   276 | D:1      | You fall into a shaft and drop 1 floor!
   434 | D:2      | Reached skill level 4 in Axes
   434 | D:2      | Reached XP level 2. HP: 27/27 MP: 1/1
   610 | D:1      | Reached XP level 3. HP: 33/33 MP: 2/2
   624 | D:1      | Found a faded altar of an unknown god.
  1111 | D:2      | Reached ** piety under Trog
  1197 | D:2      | Found an ancient bone altar of Kikubaaqudgha.
  1617 | D:3      | Found a blossoming altar of Fedhas.
  1618 | D:3      | Found a stormy altar of Qazlal.
  1629 | D:2      | Reached skill level 5 in Axes
  1629 | D:2      | Reached XP level 4. HP: 14/41 MP: 3/3
  2064 | D:3      | Found a broken altar of Ashenzari.
  2090 | D:3      | Found a radiant altar of Vehumet.
  2241 | D:3      | Killed from afar by an orc priest

Illustrated notes

Levels and vault maps discovered:
D:1:      elethiomel_arrival_shortcut, layout_basic,
          shapermc_ecumenical_altar_venn
D:2:      layout_loops_ring, basic_altar
D:3:      layout_basic, grunt_temple_overflow_forces_of_nature,
          vehumet_crystals, mainiacjoe_overflow_six_doors_small,
          minmay_diced_spiral

Skill      XL: |  1  2  3 |
---------------+----------+-----
Axes           | 4 5 |  5.3
Fighting       | 4 |  4.5
Armour         | 3 |  3.6
Dodging        | |  2.1

Action                   |  1- 3 |  4- 6 || total
-------------------------+-------+-------++-------
Melee: Hand axe          |    72 |    28 ||   100
       Headbutt          |     8 |       ||     8
Throw: Stone             |     4 |       ||     4
       Boomerang         |       |     5 ||     5
Invok: Berserk           |     2 |       ||     2
Armor: Scale mail        |    10 |       ||    10
       Ring mail         |     7 |     5 ||    12
Dodge: Dodged            |    41 |    25 ||    66
